| TOP OF THE 1ST |
|
Connecticut Tigers batting - Pitching for Hudson Valley Renegades : RHP Dave Navarro
|
|
Pitching: RHP Dave Navarro
|
|
|
Batting: RHB John Welch
|
0-0: Called Strike 0-1: Swinging Strike 0-2: Strikes out swinging
|
|
Batting: SHB Adam Weber
|
0-0: Ball 1-0: Ball 2-0: Called Strike 2-1: Foul Ball, location: 2F 2-2: Fly out, F8 (Flyball, 8LD, EV 101.9 MPH)
|
|
Batting: RHB Aaron Cusick
|
0-0: Swinging Strike 0-1: Ball 1-1: Ball 2-1: Swinging Strike 2-2: Strikes out looking
|
| Top of the 1st over - 0 runs, 0 hits, 0 errors, 0 left on base; Connecticut 0 - Hudson Valley 0 |
| BOTTOM OF THE 1ST |
|
Hudson Valley Renegades batting - Pitching for Connecticut Tigers : LHP Ben Saunders
|
|
Pitching: LHP Ben Saunders
|
|
|
Batting: RHB Jesse Haddad
|
0-0: Called Strike 0-1: SINGLE (Line Drive, 78S, EV 106.2 MPH)
|
|
Batting: RHB Chris Glavin
|
0-0: Ball 1-0: DOUBLE (Line Drive, 7LM, EV 101.2 MPH) Jesse Haddad to third
|
|
Batting: SHB Suljo Dokic
|
0-0: Swinging Strike 0-1: Fly out, F8 (Flyball, 8RD, EV 106.9 MPH)
|
|
Batting: RHB Mark Richert
|
0-0: Ball 1-0: Ground out 6-3 (Groundball, 6, EV 100.6 MPH) Jesse Haddad scores
|
|
Batting: RHB Jesus Baires
|
0-0: Foul Ball, location: 2F 0-1: Ball 1-1: Called Strike 1-2: Ground out 3-1 (Groundball, 34, EV 101.9 MPH)
|
| Bottom of the 1st over - 1 run, 2 hits, 0 errors, 1 left on base; Connecticut 0 - Hudson Valley 1 |
| TOP OF THE 2ND |
|
Connecticut Tigers batting - Pitching for Hudson Valley Renegades : RHP Dave Navarro
|
|
Batting: RHB Eric Angelle
|
0-0: Ball 1-0: Foul Ball, location: 2F 1-1: Ball 2-1: Foul Ball, location: 2F 2-2: Ground out U3 (Groundball, 34, EV 86.2 MPH)
|
|
Batting: RHB Keith Hoffman
|
0-0: Ball 1-0: SINGLE (Line Drive, 34D, EV 107.5 MPH)
|
|
Batting: RHB Tanner Purchase
|
0-0: Called Strike 0-1: Ball 1-1: Fielders Choice at 2nd, 1-4 (Groundball, 15S, EV 68.1 MPH)
|
|
Batting: RHB Brandon O'Malley
|
0-0: Ball Tanner Purchase steals 2nd base 1-0: Ball 2-0: Foul Ball, location: 2F 2-1: DOUBLE (Line Drive, 8RD, EV 102.5 MPH) Tanner Purchase scores
|
|
Batting: RHB Jamie Bass
|
0-0: Ball 1-0: Foul Ball, location: 2F 1-1: Swinging Strike 1-2: Fly out, F8 (Flyball, 78S, EV 86.9 MPH)
|
| Top of the 2nd over - 1 run, 2 hits, 0 errors, 1 left on base; Connecticut 1 - Hudson Valley 1 |
| BOTTOM OF THE 2ND |
|
Hudson Valley Renegades batting - Pitching for Connecticut Tigers : LHP Ben Saunders
|
|
Batting: LHB Dan Hunt
|
0-0: Called Strike 0-1: Swinging Strike 0-2: Fly out, F8 (Line Drive, 8LM, EV 105.6 MPH)
|
|
Batting: SHB Josif Popovski
|
0-0: Ball 1-0: Foul Ball, location: 2F 1-1: Ball 2-1: Foul Ball, location: 2F 2-2: Ball 3-2: Fly out, F9 (Line Drive, 9S, EV 105.0 MPH)
|
|
Batting: RHB Jose Bengochea
|
0-0: Fly out, F7 (Flyball, 7LD, EV 108.1 MPH)
|
| Bottom of the 2nd over - 0 runs, 0 hits, 0 errors, 0 left on base; Connecticut 1 - Hudson Valley 1 |
| TOP OF THE 3RD |
|
Connecticut Tigers batting - Pitching for Hudson Valley Renegades : RHP Dave Navarro
|
|
Batting: RHB Riley Menger
|
0-0: Ball 1-0: Swinging Strike 1-1: Ball 2-1: Ball 3-1: Base on Balls
|
|
Batting: RHB John Welch
|
0-0: Ball 1-0: Ball 2-0: Ball 3-0: SINGLE (Flyball, 5D, EV 85.6 MPH) Riley Menger to second
|
|
Batting: SHB Adam Weber
|
0-0: Swinging Strike 0-1: Ball 1-1: Ball 2-1: Swinging Strike 2-2: Ball 3-2: Foul Ball, location: 2F 3-2: SINGLE (Groundball, 34D, EV 103.1 MPH) Riley Menger to third John Welch to second
|
|
Batting: RHB Aaron Cusick
|
0-0: Called Strike 0-1: Swinging Strike 0-2: Ball 1-2: Ball 2-2: SINGLE (Line Drive, 8RS, EV 108.1 MPH) Riley Menger scores John Welch to third Adam Weber to second
|
|
Batting: RHB Eric Angelle
|
0-0: Ball 1-0: Called Strike 1-1: Fielders Choice at 2nd, 4-6 (Groundball, 4S, EV 88.1 MPH) John Welch scores Adam Weber to third
|
|
Batting: RHB Keith Hoffman
|
0-0: Called Strike 0-1: Ball 1-1: Fly out, F8 (Flyball, 89S, EV 91.9 MPH) Runner from 3rd tags up, OUT at HOME! 8-2
|
| Top of the 3rd over - 2 runs, 3 hits, 0 errors, 1 left on base; Connecticut 3 - Hudson Valley 1 |
| BOTTOM OF THE 3RD |
|
Hudson Valley Renegades batting - Pitching for Connecticut Tigers : LHP Ben Saunders
|
|
Batting: SHB Tirta Subandrio
|
0-0: Ground out 6-3 (Groundball, 6, EV 95.0 MPH)
|
|
Batting: RHB Jesse Haddad
|
0-0: Ball 1-0: Ball 2-0: Ball 3-0: Base on Balls
|
|
Batting: RHB Chris Glavin
|
0-0: SINGLE (Groundball, 4MS, EV 68.8 MPH) (infield hit) Jesse Haddad to second
|
|
Batting: SHB Suljo Dokic
|
0-0: Foul Ball, location: 2F 0-1: Ball 1-1: Grounds into double play, 6-4-3 (Groundball, 6, EV 105.0 MPH)
|
| Bottom of the 3rd over - 0 runs, 1 hit, 0 errors, 1 left on base; Connecticut 3 - Hudson Valley 1 |
| TOP OF THE 4TH |
|
Connecticut Tigers batting - Pitching for Hudson Valley Renegades : RHP Dave Navarro
|
|
Batting: RHB Tanner Purchase
|
0-0: Ball 1-0: Called Strike 1-1: Called Strike 1-2: Strikes out looking
|
|
Batting: RHB Brandon O'Malley
|
0-0: Ball 1-0: Called Strike 1-1: Swinging Strike 1-2: Strikes out swinging
|
|
Batting: RHB Jamie Bass
|
0-0: Called Strike 0-1: Ball 1-1: Ground out 6-3 (Groundball, 6D, EV 80.0 MPH)
|
| Top of the 4th over - 0 runs, 0 hits, 0 errors, 0 left on base; Connecticut 3 - Hudson Valley 1 |
| BOTTOM OF THE 4TH |
|
Hudson Valley Renegades batting - Pitching for Connecticut Tigers : LHP Ben Saunders
|
|
Batting: RHB Mark Richert
|
0-0: Ball 1-0: SINGLE (Groundball, 6MD, EV 95.0 MPH)
|
|
Batting: RHB Jesus Baires
|
0-0: Called Strike 0-1: SINGLE (Line Drive, 6MD, EV 100.0 MPH) Mark Richert to second Runner from 2nd tries for 3rd, OUT! 8-5
|
|
Batting: LHB Dan Hunt
|
0-0: Ball Jesus Baires is caught stealing 2nd base 2-6 1-0: Ground out 6-3 (Groundball, 6M, EV 106.9 MPH)
|
| Bottom of the 4th over - 0 runs, 2 hits, 0 errors, 0 left on base; Connecticut 3 - Hudson Valley 1 |
| TOP OF THE 5TH |
|
Connecticut Tigers batting - Pitching for Hudson Valley Renegades : RHP Dave Navarro
|
|
Batting: RHB Riley Menger
|
0-0: Called Strike 0-1: Called Strike 0-2: Foul Ball, location: 2F 0-2: Ball 1-2: DOUBLE (Groundball, 5L, EV 95.6 MPH)
|
|
Batting: RHB John Welch
|
0-0: SINGLE (Line Drive, 7S, EV 100.0 MPH) Riley Menger to third Runner from 3rd tries for Home, SAFE, throw by LF to home
|
|
Batting: SHB Adam Weber
|
0-0: Ball 1-0: Foul Ball, location: 2F 1-1: Ball 2-1: Foul Ball, location: 2F 2-2: Ball 3-2: Fielders Choice at 2nd, 4-6 (Groundball, 34, EV 108.1 MPH)
|
|
Batting: RHB Aaron Cusick
|
0-0: Called Strike Adam Weber is caught stealing 2nd base 2-4 0-1: Swinging Strike 0-2: Ball 1-2: Ball 2-2: Ball 3-2: DOUBLE (Line Drive, 5D, EV 104.4 MPH)
|
|
Batting: RHB Eric Angelle
|
0-0: Ground out 2-3 (Groundball, 15S, EV 68.1 MPH)
|
| Top of the 5th over - 1 run, 3 hits, 0 errors, 1 left on base; Connecticut 4 - Hudson Valley 1 |
| BOTTOM OF THE 5TH |
|
Hudson Valley Renegades batting - Pitching for Connecticut Tigers : LHP Ben Saunders
|
|
Batting: SHB Josif Popovski
|
0-0: Ball 1-0: Called Strike 1-1: Ball 2-1: Foul Ball, location: 2F 2-2: Ball 3-2: Hit by Pitch
|
|
Batting: RHB Jose Bengochea
|
0-0: Called Strike 0-1: Fly out, F4 (Flyball, 34D, EV 94.4 MPH)
|
|
Batting: SHB Tirta Subandrio
|
0-0: Called Strike Josif Popovski steals 2nd base (no throw) 0-1: Called Strike Josif Popovski steals 3rd base 0-2: Strikes out swinging
|
|
Batting: RHB Jesse Haddad
|
0-0: Ball 1-0: Ground out 5-3 (Groundball, 56, EV 103.1 MPH)
|
| Bottom of the 5th over - 0 runs, 0 hits, 0 errors, 1 left on base; Connecticut 4 - Hudson Valley 1 |
| TOP OF THE 6TH |
|
Connecticut Tigers batting - Pitching for Hudson Valley Renegades : RHP Dave Navarro
|
|
Batting: RHB Keith Hoffman
|
0-0: Called Strike 0-1: Ball 1-1: Foul Ball, location: 2F 1-2: Strikes out swinging
|
|
Batting: RHB Tanner Purchase
|
0-0: Ground out 4-3 (Groundball, 4, EV 108.1 MPH)
|
|
Batting: RHB Brandon O'Malley
|
0-0: Called Strike 0-1: Foul Ball, location: 2F 0-2: Ball 1-2: Ball 2-2: Ball 3-2: Strikes out swinging
|
| Top of the 6th over - 0 runs, 0 hits, 0 errors, 0 left on base; Connecticut 4 - Hudson Valley 1 |
| BOTTOM OF THE 6TH |
|
Hudson Valley Renegades batting - Pitching for Connecticut Tigers : LHP Ben Saunders
|
|
Batting: RHB Chris Glavin
|
0-0: Ball 1-0: Ball 2-0: Ball 3-0: Called Strike 3-1: Base on Balls
|
|
Batting: SHB Suljo Dokic
|
0-0: Ball 1-0: Ball 2-0: Ball 3-0: Called Strike 3-1: Base on Balls Chris Glavin to second
|
|
Batting: RHB Mark Richert
|
0-0: Called Strike 0-1: Ball 1-1: Swinging Strike 1-2: Ball 2-2: Ball 3-2: Foul Ball, location: 2F 3-2: Base on Balls Chris Glavin to third Suljo Dokic to second
|
|
Batting: RHB Jesus Baires
|
0-0: Ball 1-0: Foul Ball, location: 2F 1-1: SINGLE (Line Drive, 6MD, EV 110.0 MPH) Chris Glavin scores Suljo Dokic to third Mark Richert to second
|
|
Pitching: RHP David Esposito
|
|
|
Batting: LHB Dan Hunt
|
0-0: Called Strike 0-1: Ball 1-1: Ball 2-1: Ball 3-1: Base on Balls Suljo Dokic scores Mark Richert to third Jesus Baires to second
|
|
Batting: SHB Josif Popovski
|
0-0: Ball 1-0: Grounds into fielders choice 1-2 (Groundball, 15S, EV 68.1 MPH) Jesus Baires to third Dan Hunt to second
|
|
Batting: RHB Jose Bengochea
|
0-0: Ball 1-0: Ball 2-0: Swinging Strike 2-1: Grounds into double play, 4-6-3 (Groundball, 4, EV 79.4 MPH)
|
| Bottom of the 6th over - 2 runs, 1 hit, 0 errors, 2 left on base; Connecticut 4 - Hudson Valley 3 |
| TOP OF THE 7TH |
|
Connecticut Tigers batting - Pitching for Hudson Valley Renegades : RHP Dave Navarro
|
|
Pitching: LHP Stephen Robinson
|
|
|
Batting: RHB Jamie Bass
|
0-0: Ball 1-0: Foul Ball, location: 2F 1-1: Swinging Strike 1-2: Strikes out swinging
|
|
Batting: RHB Riley Menger
|
0-0: Ball 1-0: Ground out 4-3 (Groundball, 34, EV 81.2 MPH)
|
|
Batting: RHB John Welch
|
0-0: Called Strike 0-1: Ball 1-1: Ball 2-1: Called Strike 2-2: Foul Ball, location: 2F 2-2: Strikes out swinging
|
| Top of the 7th over - 0 runs, 0 hits, 0 errors, 0 left on base; Connecticut 4 - Hudson Valley 3 |
| BOTTOM OF THE 7TH |
|
Hudson Valley Renegades batting - Pitching for Connecticut Tigers : RHP David Esposito
|
|
Pitching: RHP Vic Flores
|
|
|
Batting: SHB Tirta Subandrio
|
0-0: Ball 1-0: Foul Ball, location: 2F 1-1: DOUBLE (Groundball, 5L, EV 94.4 MPH)
|
|
Batting: RHB Jesse Haddad
|
0-0: Ball 1-0: Ball 2-0: Ball Wild Pitch! Tirta Subandrio to third 3-0: Called Strike 3-1: Swinging Strike 3-2: Base on Balls
|
|
Batting: RHB Chris Glavin
|
0-0: Called Strike 0-1: SINGLE (Flyball, 7LS, EV 95.0 MPH) Tirta Subandrio scores Jesse Haddad to second
|
|
Batting: SHB Suljo Dokic
|
0-0: Called Strike 0-1: Foul Ball, location: 2F 0-2: Ball 1-2: Ball 2-2: Strikes out swinging
|
|
Batting: LHB Killian Chaumont
|
0-0: Foul Ball, location: 2F 0-1: Ball 1-1: Ball 2-1: Ball 3-1: Foul Ball, location: 2F 3-2: Foul Ball, location: 2F 3-2: Foul Ball, location: 2F 3-2: Foul Ball, location: 2F 3-2: SINGLE (Flyball, 8RS, EV 94.4 MPH) Jesse Haddad to third Chris Glavin to second Runner from 3rd tries for Home, SAFE, throw by CF to home
|
|
Pitching: RHP Tony Kepp
|
|
|
Batting: RHB Jesus Baires
|
0-0: Ball 1-0: Ball 2-0: Called Strike 2-1: Ball 3-1: Foul Ball, location: 2F 3-2: Foul Ball, location: 2F 3-2: Foul Ball, location: 2F 3-2: Strikes out looking
|
|
Batting: LHB Dan Hunt
|
0-0: Called Strike 0-1: Swinging Strike 0-2: Foul Ball, location: 2F 0-2: Strikes out swinging
|
| Bottom of the 7th over - 2 runs, 3 hits, 0 errors, 2 left on base; Connecticut 4 - Hudson Valley 5 |
| TOP OF THE 8TH |
|
Connecticut Tigers batting - Pitching for Hudson Valley Renegades : LHP Stephen Robinson
|
|
Batting: SHB Adam Weber
|
0-0: Ground out 4-3 (Groundball, 4, EV 86.9 MPH)
|
|
Batting: RHB Aaron Cusick
|
0-0: Foul Ball, location: 2F 0-1: Ball 1-1: Ball 2-1: Foul Ball, location: 2F 2-2: Strikes out swinging
|
|
Batting: RHB Eric Angelle
|
0-0: Ball 1-0: Called Strike 1-1: Foul Ball, location: 2F 1-2: Ball 2-2: Foul Ball, location: 2F 2-2: Strikes out swinging
|
| Top of the 8th over - 0 runs, 0 hits, 0 errors, 0 left on base; Connecticut 4 - Hudson Valley 5 |
| BOTTOM OF THE 8TH |
|
Hudson Valley Renegades batting - Pitching for Connecticut Tigers : RHP Tony Kepp
|
|
Batting: SHB Josif Popovski
|
0-0: Ball 1-0: Ball 2-0: Called Strike 2-1: Ball 3-1: Ground out 2-3 (Groundball, 2R, EV 70.0 MPH)
|
|
Batting: RHB Jose Bengochea
|
0-0: Ground out 4-3 (Groundball, 4, EV 87.5 MPH)
|
|
Batting: SHB Tirta Subandrio
|
0-0: Ground out 6-3 (Groundball, 6, EV 83.8 MPH)
|
| Bottom of the 8th over - 0 runs, 0 hits, 0 errors, 0 left on base; Connecticut 4 - Hudson Valley 5 |
| TOP OF THE 9TH |
|
Connecticut Tigers batting - Pitching for Hudson Valley Renegades : LHP Stephen Robinson
|
|
Pitching: RHP Josh McMahan
|
|
|
Batting: RHB Keith Hoffman
|
0-0: Ball 1-0: DOUBLE (Flyball, 8LXD, EV 98.1 MPH)
|
|
Batting: RHB Tanner Purchase
|
0-0: Ball 1-0: Called Strike 1-1: Swinging Strike 1-2: Foul Ball, location: 2F 1-2: Ball 2-2: Strikes out swinging
|
|
Batting: RHB Brandon O'Malley
|
0-0: Called Strike 0-1: Foul Ball, location: 2F 0-2: Strikes out swinging
|
|
Batting: RHB Jamie Bass
|
0-0: Called Strike 0-1: Foul Ball, location: 2F 0-2: Ball 1-2: Strikes out swinging
|
| Top of the 9th over - 0 runs, 1 hit, 0 errors, 1 left on base; Connecticut 4 - Hudson Valley 5 |
|